 Dungeon Crawl Stone Soup version 0.21.1-1-g345015f (console) character file.

153 Goblin1989 the Cutter (level 5, 0/41 HPs)
             Began as a Demonspawn Chaos Knight on Feb 19, 2018.
             Slain by an iron imp (8 damage)
             ... summoned by Xom
             ... on level 2 of the Dungeon.
             The game lasted 00:07:45 (3325 turns).

Goblin1989 the Cutter (Demonspawn Chaos Knight)     Turns: 3325, Time: 00:07:46

Health: 0/41       AC: 11    Str: 13    XL:     5   Next: 12%
Magic:  5/5        EV: 11    Int: 13    God:    Xom [......]
Gold:   768        SH:  0    Dex: 13    Spells: 4/4 levels left

rFire    . . .     SeeInvis .   a - +0 short sword (chaos)
rCold    . . .     Gourm    .   (no shield)
rNeg     . . .     Faith    .   b - +2 leather armour
rPois    .         Spirit   .   (no helmet)
rElec    .         Reflect  .   (no cloak)
rCorr    .         Harm     .   (no gloves)
MR       +....                  (no boots)
Stlth    +.........             (no amulet)
HPRegen  0.13/turn              m - ring of protection from magic
MPRegen  0.09/turn              (no ring)

@: sanguine armour
A: powered by death 2, sanguine armour 1
a: Renounce Religion


You were on level 2 of the Dungeon.
You worshipped Xom.
You were a very special plaything of Xom.
You were very hungry.

You visited 1 branch of the dungeon, and saw 3 of its levels.

You collected 768 gold pieces.

Inventory:

Hand Weapons
 a - a +0 short sword of chaos (weapon)
Missiles
 h - 80 stones (quivered)
 i - 39 sling bullets
Armour
 b - a +2 leather armour (worn)
 q - a +0 chain mail
 y - a +0 ring mail
Jewellery
 m - a ring of protection from magic (left hand)
Scrolls
 f - a scroll of magic mapping {unknown}
 j - a scroll of enchant armour {unknown}
 l - a scroll of identify {unknown}
 o - a scroll of noise {unknown}
 p - a scroll of blinking {unknown}
 s - a scroll of remove curse {unknown}
 u - a scroll of fog {unknown}
 w - a scroll of fear {unknown}
Potions
 k - a potion of curing {unknown}
 r - a potion of brilliance {unknown}
 x - a potion of resistance {unknown}
Comestibles
 e - 7 rations


   Skills:
 - Level 3.0 Fighting
 + Level 5.3 Short Blades
 - Level 1.7 Armour
 - Level 0.8 Dodging


You had 4 spell levels left.
You didn't know any spells.

Dungeon Overview and Level Annotations

Branches:
Dungeon (3/15)

Altars:
Xom


Innate Abilities, Weirdness & Mutations

You regenerate health from kills.
When seriously injured, your bleeding wounds create armour. (AC +6)


Message History

You are too injured to fight recklessly!
You are too injured to fight recklessly!
You hit the orc but do no damage.
The orc is almost dead.
You kill the orc!
Things that are here:
a short sword; a ring mail You regained 3 hp, and now have 27/41 hp.
y - a ring mail You regained 2 hp, and now have 29/41 hp.
Your blood armour dries and flakes away.
You regained 2 hp, and now have 31/41 hp.
Things that are here:
a chain mail; an orc corpse You butcher the orc corpse.
Things that are here:
a chain mail; 2 chunks of flesh You start resting.
You hear Xom's maniacal laughter.
You are now a very special plaything of Xom.
You regained 5 hp, and now have 38/41 hp.
There are monsters nearby!
You hit the iron imp.
The iron imp is lightly wounded.
You hit the iron imp but do no damage.
The iron imp is lightly wounded.
You hit the iron imp.
The iron imp seems to slow down.
The iron imp is moderately wounded.
The iron imp hits you but does no damage.
You hit the iron imp but do no damage.
The iron imp is poisoned.
The iron imp is moderately wounded.
You hit the iron imp.
The iron imp seems to speed up.
The iron imp is severely wounded.
The iron imp hits you!
You take 8 damage, and have 31/41 hp.
You hit the iron imp.
The iron imp is almost dead.
You hit the iron imp but do no damage.
The iron imp is almost dead.
The iron imp hits you!
Your blood congeals into armour.
You take 7 damage, and have 24/41 hp.
You closely miss the iron imp.
The iron imp is almost dead.
The iron imp is no longer moving slowly.
The iron imp shouts, "Quit, thou gleeking clay-brained varlet!"
The iron imp closely misses you.
You hit the iron imp but do no damage.
The iron imp is almost dead.
You kill the iron imp!
You hit the iron imp but do no damage. You hit the iron imp.
The iron imp is lightly wounded.
The iron imp hits you.
You take 6 damage, and have 19/41 hp.
You closely miss the iron imp.
The iron imp is lightly wounded.
The iron imp completely misses you.
You barely miss the iron imp.
The iron imp is lightly wounded.
You hit the iron imp.
The iron imp is moderately wounded.
The iron imp barely misses you.
You hit the iron imp but do no damage.
The iron imp is moderately wounded.
The iron imp barely misses you.
You hit the iron imp.
The iron imp appears confused.
The iron imp is heavily wounded.
The iron imp closely misses you.
You hit the iron imp but do no damage.
The iron imp is heavily wounded.
Your leather armour prevents you from hitting the iron imp.
The iron imp is heavily wounded.
The iron imp misses you.
You hit the iron imp but do no damage.
The iron imp is heavily wounded.
The iron imp seems less confused.
You hit the iron imp but do no damage.
The iron imp glows pale ochre for a moment.
The iron imp is heavily wounded.
The iron imp hits you.
* * * LOW HITPOINT WARNING * * *
You take 4 damage, and have 16/41 hp.
You barely miss the iron imp.
The iron imp is heavily wounded.
The iron imp closely misses you.
You hit the iron imp but do no damage.
The iron imp is heavily wounded.
You barely miss the iron imp.
The iron imp is heavily wounded.
The iron imp hits you but does no damage.
You barely miss the iron imp.
The iron imp is heavily wounded.
The iron imp hits you!
* * * LOW HITPOINT WARNING * * *
You take 9 damage, and have 7/41 hp.
MASSIVE DAMAGE!!
You closely miss the iron imp.
The iron imp is heavily wounded.
The iron imp hits you!
You die... "Huh?
Did I miss anything?" █.████████..... █.█ █..... █.█ ██.███ ███████

█.█████████.█
█.....███.██......█.███
█.....█)..██......█....
█.....>..........÷.....
██...5[.█)██...........
█.███@██.██......█.█..
█.█ █.██....█...██...█
██.███.█████.█.█.██...█
█......................
███
█...██................█
███████.█
█...██..............█.█
█.......█
██████..............█.█
█.█████.█
██████████████.█..
█.█...█.██████████
█.█..


You could see an iron imp.

Vanquished Creatures
  A jelly (D:2)
  A gnoll (D:1)
  4 adders
  2 oozes (D:1)
  2 worms (D:2)
  A dart slug (D:1)
  2 leopard geckos
  2 orcs (D:2)
  6 bats
  2 giant cockroaches (D:1)
  5 goblins
  6 hobgoblins
  2 jackals (D:1)
  12 kobolds
  A quokka (D:2)
  4 rats
53 creatures vanquished.

Vanquished Creatures (collateral kills)
  A bat (D:1)
  A frilled lizard (D:2)
2 creatures vanquished.

Grand Total: 55 creatures vanquished

Notes
Turn   | Place    | Note
-------+----------+-------------------------------------------
     0 | D:1      | Goblin1989 the Demonspawn Chaos Knight began the quest for the Orb.
     0 | D:1      | Reached XP level 1. HP: 18/18 MP: 1/1
    39 | D:1      | Reached skill level 3 in Short Blades
   207 | D:1      | Gained mutation: You regenerate a little health from kills. [demonic ancestry]
   207 | D:1      | Reached XP level 2. HP: 20/24 MP: 2/2
   510 | D:1      | Gained mutation: When seriously injured, your bleeding wounds create armour. (AC +6) [demonic ancestry]
   510 | D:1      | Reached XP level 3. HP: 29/29 MP: 3/3
   568 | D:1      | XOM: mild Conj miscast
   605 | D:1      | Reached skill level 4 in Short Blades
   612 | D:1      | XOM: cast spell 'Summon Horrible Things'
   868 | D:1      | XOM: harmless Tmut miscast
  1151 | D:2      | XOM: butterfly on damage
  1312 | D:1      | XOM: divination: detect items
  1415 | D:2      | Reached XP level 4. HP: 31/35 MP: 4/4
  1592 | D:2      | XOM: polymorph ooze -> jelly
  1600 | D:2      | XOM: god gift: 720 gold pieces {god gift}
  1624 | D:2      | Reached skill level 5 in Short Blades
  1884 | D:2      | XOM: noise
  1899 | D:2      | XOM: summons 4 friendly demons
  2097 | D:2      | XOM: mild Erth miscast
  2655 | D:2      | XOM: cast spell 'Alistair's Intoxication'
  2666 | D:2      | Gained mutation: You regenerate health from kills. [demonic ancestry]
  2666 | D:2      | Reached XP level 5. HP: 11/41 MP: 5/5
  2750 | D:2      | XOM: divination: magic mapping
  3027 | D:3      | XOM: scenery: create altars
  3295 | D:2      | XOM: summons 2 hostile demons
  3325 | D:2      | Slain by an iron imp

Skill      XL: |  1  2  3  4 |
---------------+-------------+-----
Short Blades   | 3 4 5 |  5.3
Fighting       | |  3.0
Armour         | |  1.7
Dodging        | |  0.8

Action                   |  1- 3 |  4- 6 || total
-------------------------+-------+-------++-------
Melee: Short sword       |   122 |   126 ||   248
  Use: Potion            |       |     1 ||     1
 Stab: Petrifying        |       |     2 ||     2
       Petrified         |       |     1 ||     1
  Eat: Ration            |     1 |       ||     1
       Chunk             |       |     3 ||     3
Armor: Leather armour    |    58 |    44 ||   102
Dodge: Dodged            |    84 |    58 ||   142

Vault maps used:
D:1:      lemuel_arrival_broad_hall, hangedman_glass_teeth,
          supply_closet_lemuel, minmay_misc_feat_room, minmay_tromino_v7
